 Dungeon Crawl Stone Soup version 0.27-a0-1177-g245c70e1c0 (webtiles) character file.

Game seed: 2428648014575131821

158 Glokmah the Charlatan (level 5, -22/57 HPs)
             Began as a Demonspawn Artificer on May 16, 2021.
             Was a Believer of Kikubaaqudgha.
             Killed by an exploding Duvessa (24 damage)
             ... ignited by their inner flame
             ... on level 3 of the Dungeon.
             The game lasted 00:10:57 (4170 turns).

Glokmah the Charlatan (Demonspawn Artificer)        Turns: 4170, Time: 00:10:58

Health: -22/57     AC: 22    Str: 12    XL:     5   Next: 16%
Magic:  5/5        EV:  2    Int: 14    God:    Kikubaaqudgha [**....]
Gold:   133        SH:  0    Dex: 13    Spells: 2/4 levels left

rFire    . . .     SeeInvis .   a - +5 club
rCold    . . .     Faith    .   (no shield)
rNeg     + + +     Spirit   .   (armour currently unavailable)
rPois    +         Reflect  .   (helmet currently unavailable)
rElec    .         Harm     .   (cloak currently unavailable)
rCorr    .         Rampage  .   (gloves currently unavailable)
Will     .....     Clarity  +   (boots currently unavailable) Stlth +.........NoTele +
                                (no amulet)
HPRegen  0.19/turn              (no ring)
MPRegen  0.09/turn              (no ring)

@: mighty, brilliant, lit by a corona, tree-form, glowing
A: stationary, stasis, torment immunity, boosted hp, demonic guardian 1, (sharp
scales 1), clarity
a: Renounce Religion, Receive Corpses


You were on level 3 of the Dungeon.
You worshipped Kikubaaqudgha.
Kikubaaqudgha was pleased with you.
You were a tree.
You visited 1 branch of the dungeon, and saw 4 of its levels.

You collected 133 gold pieces.

Inventory:

Hand Weapons
 a - a +5 club (weapon)
Missiles
 g - 61 stones
Armour
 b - a +0 leather armour (melded)
 k - a +0 helmet (melded)
 r - a +0 pair of boots (melded)
Jewellery
 o - a ring of ice
Wands
 c - a wand of flame (10) (quivered)
 d - a wand of charming (15)
Scrolls
 h - 4 scrolls of identify
 l - 3 scrolls of fog
 p - a scroll of enchant weapon {unknown}
Potions
 j - a potion of lignification
 s - a potion of attraction {unknown}
Miscellaneous
 e - a piece from Xom's chessboard (15/15)


   Skills:
 + Level 2.1 Fighting
 * Level 0.4 Maces & Flails
 - Level 2.5 Armour
 - Level 1.9 Dodging
 - Level 0.8 Stealth
 * Level 2.6 Necromancy
 + Level 3.6 Evocations


You had 2 spell levels left.
You knew the following spells:

 Your Spells              Type           Power      Damage    Failure   Level
a - Animate Skeleton      Necr           22%        N/A       10%         1
b - Pain                  Necr           44%        1d6       10%         1

Your spell library contained the following spells:

 Spells                   Type           Power      Damage    Failure   Level
 Sublimation of Blood     Necr           5%         N/A       16%         2
 Apportation              Tloc           0%         N/A       28%         1
 Corona                   Hex            0%         N/A       28%         1
 Summon Small Mammal      Summ           0%         N/A       28%         1
 Vampiric Draining        Necr           5%         2d6       30%         3


Dungeon Overview and Level Annotations

Branches:
Dungeon (4/15)
 Temple: D:4-7

Altars:
Cheibriados
Elyvilon
Kikubaaqudgha
Nemelex Xobeh
Zin
The Shining One

Shops:
D:2 ![   D:3 [

Annotations:
D:3 Dowan


Innate Abilities, Weirdness & Mutations

You are a tree.
Your roots penetrate the ground, keeping you stationary.
You cannot be teleported.
You are immune to unholy pain and torment.
Your maximum health is greatly increased.
Your equipment is partially melded.
A weak demonic guardian rushes to your aid.
((You are partially covered in razor-sharp scales. (AC +1, Slay +1)))
You possess an exceptional clarity of mind.


Message History

Your +0 leather armour melds into your body.
Your roots penetrate the ground.
You feel strangely stable.
Your quasit closely misses Duvessa.
Your quasit claws Duvessa but does no damage.
Your quasit closely misses Duvessa.
Dowan hits you but does no damage.
Duvessa is engulfed in blazing flames.
Flame seeps out of Duvessa.
Duvessa hits you with a +0 rapier.
* * * LOW HITPOINT WARNING * * *
Okay, then.
Okay, then.
It was a potion of mutation.
You feel extremely strange.
Your thoughts seem clearer.
Your quasit bites Duvessa.
Flame seeps out of Duvessa.
Your quasit claws Duvessa but does no damage. x2
Dowan gestures wildly while chanting.
Dowan blinks!
Duvessa is engulfed in blazing flames.
Flame seeps out of Duvessa.
Duvessa closely misses your quasit.
It was a potion of might.
You feel very mighty all of a sudden.
Your quasit bites Duvessa but does no damage.
Your quasit closely misses Duvessa.
Your quasit claws Duvessa but does no damage.
Dowan gestures at you while chanting.
The puff of flame hits you but does no damage.
Duvessa hits your quasit with a +0 rapier!
Your quasit barely misses Duvessa. x2; Your quasit closely misses Duvessa.
It was a potion of brilliance.
You feel clever all of a sudden.
Dowan gestures wildly while chanting.
Dowan blinks!
Your quasit bites Duvessa.
Flame seeps out of Duvessa.
Your quasit closely misses Duvessa.
Your quasit claws Duvessa but does no damage.
Duvessa is engulfed in blazing flames.
Kikubaaqudgha accepts your kill.
Dowan screams, "No!
Oh no!"
Dowan seems to find hidden reserves of power!
Duvessa explodes!
The fiery explosion engulfs you!!
You die...
Kikubaaqudgha rasps: "You have failed me!
Welcome... death!"

######## #### ##.##...###...
###############...#.........
#......e..§♣○5.......)......
#.#############...##.###....
#.# ##.###.# #..## #Z#
#.###.# #..# ##.## #...#.#
#<.# #.#.# #...^.# #..##
##..# ###.### #.... ##.# #.#
#.### #.# ##.#####.#


You could see Dowan (fast, inner flame) and a friendly quasit (summoned).

Vanquished Creatures
  Duvessa (D:3)
  Jessica (D:2)
  A gnoll (D:1)
  5 adders
  A dart slug (D:1)
  6 ball pythons
  12 endoplasms
  5 giant cockroaches
  6 hobgoblins
  9 kobolds
  4 quokkas
  5 bats
  3 frilled lizards
  4 goblins
  4 rats
67 creatures vanquished.

Vanquished Creatures (collateral kills)
  An adder (D:2)
  A rat (D:2)
2 creatures vanquished.

Grand Total: 69 creatures vanquished

Notes
Turn   | Place    | Note
-------+----------+-------------------------------------------
     0 | D:1      | Glokmah the Demonspawn Artificer began the quest for the
                  | Orb.
     0 | D:1      | Reached XP level 1. HP: 15/15 MP: 1/1
    51 | D:1      | Reached skill level 1 in Dodging
    86 | D:1      | Gained mutation: You are partially covered in razor-sharp
                  | scales. (AC +1, Slay +1) [demonic ancestry]
    86 | D:1      | Reached XP level 2. HP: 3/21 MP: 2/2
   528 | D:1      | Found a faded altar of an unknown god.
   544 | D:1      | Became a worshipper of Kikubaaqudgha
   544 | D:1      | Reached * piety under Kikubaaqudgha
   544 | D:1      | Identified Kikubaaqudgha's Incunabulum of Necromancy
                  | (Kikubaaqudgha gifted it to you on level 1 of the Dungeon)
   544 | D:1      | Received a gift from Kikubaaqudgha
   548 | D:1      | Learned a level 1 spell: Animate Skeleton
  1639 | D:1      | Reached XP level 3. HP: 26/26 MP: 0/3
  1642 | D:1      | Learned a level 1 spell: Pain
  1746 | D:1      | Reached skill level 1 in Necromancy
  2058 | D:2      | Noticed Jessica
  2064 | D:2      | Killed Jessica
  2065 | D:2      | Gained mutation: A weak demonic guardian rushes to your
                  | aid. [demonic ancestry]
  2065 | D:2      | Reached XP level 4. HP: 25/33 MP: 4/4
  2222 | D:2      | Reached ** piety under Kikubaaqudgha
  2477 | D:2      | Found Ziazaont's Antique Armour Emporium.
  2874 | D:2      | Found Dolucs's Distillery.
  3371 | D:3      | Found Hauna's Antique Armour Boutique.
  3404 | D:3      | Reached XP level 5. HP: 38/38 MP: 5/5
  3780 | D:3      | Found a sparkling altar of Nemelex Xobeh.
  3783 | D:3      | Found a snail-covered altar of Cheibriados.
  4161 | D:4      | Noticed Duvessa
  4161 | D:4      | Noticed Dowan
  4166 | D:3      | HP: 1/38 [Duvessa/+0 rapier (4)]
  4168 | D:3      | Gained mutation: You possess an exceptional clarity of
                  | mind. [potion of mutation]
  4170 | D:3      | Killed Duvessa
  4170 | D:3      | Killed by an exploding Duvessa... ignited by their inner
                  | flame

Illustrated notes

Levels and vault maps discovered:
D:1:      scummos_arrival_forest, layout_rooms, shapermc_ecumenical_altar_venn,
          minmay_crystal_room, corexii_corridor_pit, minivault_11,
          columned_hall_lemuel, st_stairs_8, minmay_heptomino_w4
D:2:      layout_loops_ring, serial_shops, shop, nicolae_shop_waterfront,
          minivault_27, skrybe_limestone_x, uniq_jessica
D:3:      layout_loops_ring, nicolae_overflow_hidden_temple, serial_shops, shop
D:4:      layout_gridville, minmay_temple_entry_antechambers, uniq_eustachio,
          uniq_sigmund, uniq_duvessa

Skill      XL: |  1  2  3  4 |
---------------+-------------+-----
Dodging        | 1 |  1.9
Armour         | 2 |  2.5
Necromancy     | 1 2 |  2.6
Fighting       | 2 |  2.1
Maces & Flails | |  0.4
Stealth        | |  0.8
Evocations     | |  3.6

Action                   |  1- 3 |  4- 6 || total
-------------------------+-------+-------++-------
Melee: Club              |    95 |    70 ||   165
       Short sword       |    26 |    16 ||    42
 Cast: Animate Skeleton  |     6 |    14 ||    20
Invok: Receive Corpses   |       |     1 ||     1
Evoke: Wand              |     5 |       ||     5
       Piece from Xom's  |     1 |       ||     1
  Use: Potion            |       |     4 ||     4
       Scroll            |       |     3 ||     3
 Stab: Sleeping          |     2 |     1 ||     3
Armor: Leather armour    |    44 |    23 ||    67
       Skin              |       |     2 ||     2
Dodge: Dodged            |    71 |    68 ||   139

Table legend: (Time is in decaauts)
 A = Elapsed time spent in this place.
 B = Non-inter-level travel time spent in this place.
 C = Inter-level travel time spent in this place.
 D = Time resting spent in this place.
 E = Time spent auto-exploring this place.
 F = Levels seen in this place.
 G = Mean time per level.
                   A        B        C        D        E       F      G
               +--------+--------+--------+--------+--------+-----+--------+
         Total |   4224 |   3990 |    234 |    493 |   2386 |   4 | 1056.0 |
       Dungeon |   4224 |   3990 |    234 |    493 |   2386 |   4 | 1056.0 |
               +--------+--------+--------+--------+--------+-----+--------+

Top non-repeatable levels by time:
     D:1: 2088 daAuts
     D:2: 1244 daAuts
     D:3: 887 daAuts
     D:4: 4 daAuts
